 Dungeon Crawl Stone Soup version 0.17-a0-1409-ge6d9485 (webtiles) character file.

199 bal the Sneak (level 5, -4/26 HPs)
             Began as a Vine Stalker Assassin on June 22, 2015.
             Killed by divine providence
             ... invoked by an orc priest
              (9 damage)
             ... on level 3 of the Dungeon.
             The game lasted 00:05:46 (2019 turns).

bal the Sneak (Vine Stalker Assassin)               Turns: 2019, Time: 00:05:46

Health: -4/26      AC:  6    Str: 14    XL:     5   Next: 77%
Magic:  0/6        EV: 12    Int: 12    God:
Gold:   89         SH:  0    Dex: 15    Spells: 0 memorised, 4 levels left

rFire  . . .     SeeInvis .     a - +2 dagger
rCold  . . .     Clarity  .     c - +0 robe
rNeg   . . .     SustAt   .     (no shield)
rPois  .         Gourm    .     m - +2 helmet
rElec  .         Spirit   +     d - +0 cloak
rCorr  .         Warding  .     (no gloves)
rMut   .         Stasis   .     (no boots)
MR     .....                    (no amulet)
Stlth  +++.......               (no ring)
                                (no ring)

@: not resistant to hostile enchantments, fairly stealthy
A: fangs 2, regeneration 1, magic shield, antimagic bite, no device heal 3, rot
immunity
a: no special abilities


You were on level 3 of the Dungeon.
You were not hungry.

You visited 1 branch of the dungeon, and saw 3 of its levels.

You collected 89 gold pieces.

Inventory:

Hand weapons
 a - a +2 dagger (weapon)
 b - a +0 blowgun
 f - a cursed -3 war axe
Missiles
 o - 4 javelins (quivered)
 p - 7 poisoned javelins
 w - 2 curare-tipped needles
 x - 5 poisoned needles
Armour
 c - a +0 robe (worn)
 d - a +0 cloak (worn)
 m - a +2 helmet (worn)
Jewellery
 l - an uncursed ring of stealth {unknown}
 s - an uncursed ring of see invisible {unknown}
Scrolls
 i - 2 scrolls of identify {unknown}
 j - 2 scrolls of immolation {unknown}
 n - a scroll of fear {unknown}
 r - a scroll of teleportation {unknown}
 v - a scroll of amnesia {unknown}
Potions
 e - a potion of poison {unknown}
 h - a potion of curing {unknown}
 k - 2 potions of lignification {unknown}
 q - a potion of degeneration {unknown}
 t - a potion of magic {unknown}
Comestibles
 g - 2 bread rations
 u - 6 chunks of flesh


   Skills:
 + Level 2.2 Fighting
 + Level 2.1 Short Blades
 + Level 2.5 Throwing
 + Level 2.2 Dodging
 + Level 6.8 Stealth


You had 4 spell levels left.
You didn't know any spells.

Dungeon Overview and Level Annotations

Branches:
Dungeon (3/15)

Altars:
Gozag
Okawaru
Vehumet


Innate Abilities, Weirdness & Mutations

You have extremely sharp teeth.
Your natural rate of healing is unusually fast.
When hurt, damage is shared between your health and your magic reserves.
Your bite disrupts and absorbs the magic of your enemies.
Potions and wands cannot restore your health.
You are immune to rotting.


Message History

An orc comes into view.
You hit the orc.
The orc is moderately wounded.
The orc closely misses you.
You hit the orc but do no damage. You bite the orc, but do no damage.
The orc is moderately wounded.
The orc priest invokes the aid of Beogh against you.
Something smites you! The orc hits you but does no damage.
You hit the orc. Your bite misses the orc.
The orc is almost dead.
You closely miss the orc.
The orc is almost dead.
The orc misses you.
The orc priest invokes the aid of Beogh against you.
Something smites you!
* * * LOW HITPOINT WARNING * * *
You are too injured to fight recklessly!
The orc priest invokes the aid of Beogh against you.
Something smites you!
You die...

###################
#o.oo.o@..........#
#.###############.####
#.......# #....>..# #.
#.......### #.#
#.......... #.#
#.......### #.#
#.........) ##.##
#...)...###


You could see an orc priest and 3 orcs.

Vanquished Creatures
  A hound (D:3)
  An orc priest (D:3)
  A worker ant (D:3)
  4 adders
  2 worms
  A giant gecko (D:2)
  9 orcs (D:3)
  8 giant cockroaches
  6 goblins
  6 hobgoblins
  8 kobolds
  A ball python (D:3)
  10 bats
  3 giant newts
  7 rats
68 creatures vanquished.

Notes
Turn   | Place    | Note
--------------------------------------------------------------
     0 | D:1      | bal the Vine Stalker Assassin began the quest for the Orb.
     0 | D:1      | Reached XP level 1. HP: 11/11 MP: 2/2
    50 | D:1      | Reached skill level 5 in Stealth
   275 | D:1      | Reached XP level 2. HP: 8/15 MP: 1/3
   515 | D:1      | Found a radiant altar of Vehumet.
   667 | D:2      | Reached skill level 1 in Dodging
   715 | D:2      | Found an iron altar of Okawaru.
   739 | D:2      | Reached XP level 3. HP: 18/18 MP: 2/4
  1108 | D:2      | Reached XP level 4. HP: 21/23 MP: 5/5
  1397 | D:3      | Found an opulent altar of Gozag.
  1526 | D:3      | Reached skill level 6 in Stealth
  1757 | D:3      | Reached XP level 5. HP: 16/26 MP: 3/6
  2019 | D:3      | Killed from afar by an orc priest

Vault maps used:
D:1:      lemuel_arrival_broad_hall, kennysheep_flooded_box
D:2:      lemuel_upstairs_altar, old_standard_altar
D:3:      overflow_temple_1_default, first_bread, grunt_decor_fettered

Action                   |  1- 3 |  4- 6 || total
-------------------------+-------+-------++-------
Melee: Dagger            |   112 |    65 ||   177
 Fire: Blowgun           |     3 |    39 ||    42
 Stab: Sleeping          |     6 |     8 ||    14
       Distracted        |       |     1 ||     1
  Eat: Meat ration       |     1 |       ||     1
